 Dungeon Crawl Stone Soup version 0.32-a0-867-g107c310 (webtiles) character file.

Game seed: 285799945818440484

2317 Dorkslayer the Chopper (level 9, -7/61 HPs)
             Began as an Octopode Fighter on Mar 28, 2024.
             Was a Follower of Okawaru.
             Mangled by an unseen horror (12 damage)
             ... on level 5 of the Dungeon.
             The game lasted 00:09:29 (4326 turns).

Dorkslayer the Chopper (Octopode Fighter)           Turns: 4326, Time: 00:09:29

Health: -7/61      AC:  1    Str: 25    XL:     9   Next: 41%
Magic:  11/11      EV: 13    Int: 11    God:    Okawaru [*.....]
Gold:   369        SH:  5    Dex: 11    Spells: 8/8 levels left

rFire   . . .        a - +2 war axe
rCold   . . .        b - +1 buckler
rNeg    . . .        (helmet restricted)
rPois   .            (no amulet)
rElec   .            h - +6 ring of strength
rCorr   .            (no ring)
SInv    .            (no ring)
Will    .....        (no ring)
Stlth   ++++         (no ring)
HPRegen 0.30/turn    (no ring)
MPRegen 0.12/turn    (no ring)
                     (no ring)

%: no passive effects
@: no status effects
A: almost no armour, amphibious, 8 rings, camouflage 1, gelatinous body 1,
(nimble swimmer 1), tentacles
a: Renounce Religion, Heroism


You were on level 5 of the Dungeon.
You worshipped Okawaru.
Okawaru was aware of your devotion.
You visited 1 branch of the dungeon, and saw 5 of its levels.

You collected 369 gold pieces.

Inventory:

Hand Weapons
 a - a +2 war axe (weapon)
 m - a +2 flail of holy wrath
Missiles
 d - 2 boomerangs
 i - 2 javelins (quivered)
Armour
 b - a +1 buckler (worn)
Jewellery
 c - a ring of ice
 h - a +6 ring of strength (left tentacle)
Wands
 j - a wand of flame (12)
 l - a wand of roots (1)
Scrolls
 g - 3 scrolls of revelation
Potions
 e - a potion of brilliance


   Skills:
 + Level 5.2 Fighting
 + Level 7.8 Axes
 + Level 4.8 Dodging
 + Level 6.9 Stealth
 + Level 4.5 Shields
 * Level 3.5 Invocations
 * Level 3.3 Evocations


You had 8 spell levels left.
You didn't know any spells.
Your spell library contained the following spells:

 Spells                   Type           Power      Damage    Failure   Level
 Foxfire                  Conj/Fire      0%         2x1d4     38%         1
 Sandblast                Erth           0%         2d4       38%         1
 Lesser Beckoning         Tloc           0%         N/A       54%         2
 Static Discharge         Conj/Air       0%         3-3/arc   54%         2
 Frozen Ramparts          Ice            0%         1d1       77%         3
 Ozocubu's Armour         Ice            0%         N/A       77%         3
 Teleport Other           Tloc           0%         N/A       77%         3
 Maxwell's Portable Pile  Tloc           0%         2d(5-10)  99%         4
 Olgreb's Toxic Radiance  Alch           0%         N/A       99%         4
 Metabolic Englaciation   Hex/Ice        0%         N/A       100%        5
 Lehudib's Crystal Spear  Conj/Erth      0%         10d2      100%        8
 Summon Forest            Summ/Tloc      Unusable   N/A       N/A         5
 Summon Mana Viper        Hex/Summ       Unusable   N/A       N/A         5
 Summon Cactus Giant      Summ           Unusable   N/A       N/A         6
 Haunt                    Necr/Summ      Unusable   N/A       N/A         7

Dungeon Overview and Level Annotations

Branches:
Dungeon (5/15)
 Temple: D:4-7

Altars:
Elyvilon
Makhleb
Okawaru
Vehumet
Xom
Zin

Annotations:
D:5 4 runed translucent doors


Innate Abilities, Weirdness & Mutations

You cannot wear most types of armour.
You are amphibious.
You can wear up to eight rings at the same time.
Your skin changes colour to match your surroundings (Stealth+).
Your rubbery body absorbs attacks. (AC +1, EV +1)
((You are camouflaged when in or above water. (Stealth+)))
You have tentacles for arms and can constrict up to eight enemies at once.


Message History

Okawaru accepts your kill.
You slash the iguana! Your grab misses the iguana.
The iguana is severely wounded.
The iguana barely misses you.
You closely miss the iguana. You grab the iguana.
The iguana is severely wounded.
You constrict the iguana.
You kill the iguana!
Okawaru accepts your kill.
Found a book of Weapons and a glowing hand axe.
Something barely misses you.
Throw: 2 javelins
Press: ? - help, Q - select action, (/) - cycle Shift-Dir - straight line, f - you Really target yourself?
Okay, then.
Unknown command.
Aiming: Throw Flame
Press: ? - help, Shift-Dir - straight line Something barely misses you.
Something hits you.
Deactivating autopickup; reactivate with Ctrl-A.
You barely miss something. Something barely misses you. Something hits you!
You see here a javelin.
You see here a javelin.
Something hits you! Something hits you. Something hits you!
You closely miss something. Something hits you but does no damage.
Something hits you!
* * * LOW HITPOINT WARNING * * *
You see here a javelin.
Something hits you but does no damage.
You see here a javelin.
You closely miss something. Your squeeze misses something. Something hits you!
* * * LOW HITPOINT WARNING * * *
Okay, then.
Something hits you but does no damage.
You see here a javelin.
You miss something. You squeeze something. Something hits you.
* * * LOW HITPOINT WARNING * * *
Something hits you!
You die...

###########
#.........##
#.#........##
##...######..#
#######...##..).##.#
..........#.####.#.#
.#........##.#..{#.#
...##++##.†.##.#@#.#
..##ßo.ß#####.##.#.#
..#ß..Y.ß# #).#:##.#
..#)....$# ## ###..#
..#$....=# ######..#
.^#ß....ß# #....##.#
..##ß..ß#######..#.#
...##++##.'.#.##.#.##
..........#..#(#.#..#


There were no monsters in sight!

Vanquished Creatures
  An unseen horror (D:5)
  Grinder (D:5)
  Sigmund (D:2)
  Eustachio (D:4)
  A steam dragon (D:5)
  2 water moccasins (D:5)
  An ice beast (D:5)
  2 black bears
  2 ogres
  A phantom (D:4)
  Blork the orc (D:5)
  A scorpion (D:5)
  3 bombardier beetles
  Crazy Yiuf (D:5)
  A hound (D:3)
  3 orc priests
  4 iguanas (D:5)
  2 sleepcaps
  2 orc wizards (D:3)
  2 adders
  A shadow imp (D:5)
  A white imp (D:5)
  5 ribbon worms
  5 dart slugs
  18 orcs
  2 ball pythons (D:2)
  4 endoplasms
  3 giant cockroaches
  5 goblins
  6 hobgoblins
  6 jackals
  7 quokkas
  7 bats
  3 frilled lizards
  7 kobolds
  6 rats
119 creatures vanquished.

Notes
Turn   | Place    | Note
-------+----------+-------------------------------------------
     0 | D:1      | Dorkslayer the Octopode Fighter began the quest for the
                  | Orb.
     0 | D:1      | Reached XP level 1. HP: 16/16 MP: 1/1
    78 | D:1      | Reached XP level 2. HP: 18/21 MP: 2/2
   702 | D:1      | Reached XP level 3. HP: 26/26 MP: 3/3
  1041 | D:2      | Noticed Sigmund
  1049 | D:2      | Killed Sigmund
  1050 | D:2      | Reached skill level 3 in Axes
  1050 | D:2      | Reached XP level 4. HP: 7/33 MP: 4/4
  1050 | D:2      | Reached XP level 5. HP: 8/37 MP: 5/5
  1413 | D:3      | Got the Incunabulum of the Terrestrial Gift
  1515 | D:3      | Reached XP level 6. HP: 32/43 MP: 6/6
  1517 | D:3      | Reached skill level 4 in Axes
  1631 | D:3      | Found a glowing silver altar of Zin.
  1723 | D:3      | Found a white marble altar of Elyvilon.
  2180 | D:4      | Reached XP level 7. HP: 21/48 MP: 7/7
  2414 | D:4      | Got the Compendium of Experimentation
  2471 | D:4      | Reached skill level 5 in Axes
  2518 | D:4      | Noticed Eustachio
  2526 | D:4      | Killed Eustachio
  2601 | D:4      | Found a shimmering altar of Xom.
  2620 | D:4      | Reached skill level 5 in Stealth
  2882 | D:4      | Reached skill level 6 in Axes
  2882 | D:4      | Reached XP level 8. HP: 37/54 MP: 8/8
  2968 | D:4      | Found a burning altar of Makhleb.
  2995 | D:4      | Found an iron altar of Okawaru.
  2999 | D:4      | Became a worshipper of Warmaster Okawaru
  3298 | D:5      | Entered Level 5 of the Dungeon
  3298 | D:5      | Found a radiant altar of Vehumet.
  3443 | D:5      | Reached skill level 1 in Invocations
  3453 | D:5      | Noticed Blork the orc
  3462 | D:5      | Killed Blork the orc
  3463 | D:5      | Reached skill level 1 in Evocations
  3760 | D:5      | Reached skill level 7 in Axes
  3830 | D:5      | Found a runed translucent door.
  3831 | D:5      | Noticed Crazy Yiuf
  3840 | D:5      | Killed Crazy Yiuf
  3979 | D:5      | Found a large runed translucent door.
  3979 | D:5      | Found a large runed translucent door.
  3982 | D:5      | Found a large runed translucent door.
  3982 | D:5      | Found a large runed translucent door.
  3982 | D:5      | Noticed Grinder
  3983 | D:5      | Noticed a yak
  3987 | D:5      | Killed Grinder
  3987 | D:5      | Reached * piety under Okawaru
  3988 | D:5      | Reached XP level 9. HP: 48/60 MP: 9/11
  4114 | D:5      | Reached skill level 5 in Fighting
  4141 | D:5      | Killed an unseen horror
  4326 | D:5      | Mangled by an unseen horror

Illustrated notes

Levels and vault maps discovered:
D:1:      tarquinn_simple_flora_water_c, layout_basic
D:2:      layout_rooms, uniq_sigmund
D:3:      minmay_angry_zag, layout_loops_ring, elyvilon_altar_3, zin_statuary
D:4:      layout_loops_ring, mainiacjoe_overflow_swirl,
          mainiacjoe_overflow_paths, hangedman_decor_opposing, uniq_eustachio
D:5:      layout_rooms, vehumet_altar_wand_db, serial_glass, glass_columns_c,
          glass_columns_c, glass_columns_a, glass_columns_b, glass_columns_b,
          glass_columns_b, glass_columns_a, glass_columns_a, glass_columns_b,
          glass_columns_a, minmay_strange_pillars, feat_on_display,
          minmay_strange_pillars, minmay_strange_pillars, chequers_jeans,
          solitary_fountain, minmay_hollow_rounded_squares, uniq_grinder,
          uniq_crazy_yiuf_cottage, uniq_blork_the_orc

Skill      XL: |  1  2  3  4  5  6  7  8  9 |
---------------+----------------------------+-----
Axes           | 3 4 6 7 |  7.8
Stealth        | 2 4 5 6 |  6.9
Fighting       | 4 5 |  5.2
Dodging        | 4 |  4.8
Shields        | 4 |  4.5
Invocations    | 2 3 |  3.5
Evocations     | 2 3 |  3.3

Action                     |  1- 3 |  4- 6 |  7- 9 || total
---------------------------+-------+-------+-------++-------
  Melee: War axe           |    44 |    73 |   113 ||   230
         Constrict         |     9 |    20 |    27 ||    56
         Tentacles         |     7 |    14 |    22 ||    43
  Throw: Javelin           |       |       |     4 ||     4
  Evoke: Wand              |       |       |     7 ||     7
    Use: Scroll            |     5 |     3 |     2 ||    10
         Potion            |     1 |     1 |     7 ||     9
   Stab: Sleeping          |     3 |     6 |     7 ||    16
         Distracted        |       |     1 |       ||     1
 Armour: Skin              |    14 |    17 |    83 ||   114
  Dodge: Dodged            |    25 |    33 |    64 ||   122
  Block: Buckler           |     7 |    19 |    22 ||    48

Table legend: (Time is in decaauts)
 A = Elapsed time spent in this place.
 B = Non-inter-level travel time spent in this place.
 C = Inter-level travel time spent in this place.
 D = Time resting spent in this place.
 E = Time spent auto-exploring this place.
 F = Levels seen in this place.
 G = Mean time per level.
                   A        B        C        D        E       F      G
               +--------+--------+--------+--------+--------+-----+--------+
         Total |   4394 |   4394 |      0 |     71 |   2461 |   5 |  878.8 |
       Dungeon |   4394 |   4394 |      0 |     71 |   2461 |   5 |  878.8 |
               +--------+--------+--------+--------+--------+-----+--------+

Top non-repeatable levels by time:
     D:4: 1200 daAuts
     D:5: 1040 daAuts
     D:1: 890 daAuts
     D:3: 733 daAuts
     D:2: 528 daAuts
